 Dungeon Crawl Stone Soup version 0.27.1-4-g1640c2035a (webtiles) character file.

Game seed: 6653833830649903630

116 raph the Chopper (level 4, -1/34 (37) HPs)
             Began as a Minotaur Gladiator on Nov 1, 2021.
             Slain by a gnoll (4 damage)
             ... on level 4 of the Dungeon.
             The game lasted 00:03:40 (2556 turns).

raph the Chopper (Minotaur Gladiator)               Turns: 2556, Time: 00:03:41

HP:   -1/34 (37)    AC:  8    Str: 19    XL:     4   Next: 70%
MP:   3/3           EV:  8    Int:  5    God:
Gold: 100           SH:  0    Dex: 12    Spells: 3/3 levels left

rFire    . . .     SeeInvis .   a - +0 war axe
rCold    . . .     Faith    .   (no shield)
rNeg     . . .     Spirit   .   j - +0 chain mail
rPois    +         Reflect  .   c - +0 hat
rElec    .         Harm     .   (no cloak)
rCorr    +         Rampage  .   (no gloves)
Will     .....                  (no boots)
Stlth    ..........             s - amulet of regeneration
HPRegen  1.11/turn              h - ring of resist corrosion
MPRegen  0.08/turn              y - ring of poison resistance

@: drained
A: horns 2, retaliatory headbutt
a: no special abilities


You were on level 4 of the Dungeon.
You visited 1 branch of the dungeon, and saw 4 of its levels.

You collected 100 gold pieces.

Inventory:

Hand Weapons
 a - a +0 war axe (weapon)
Missiles
 d - 3 throwing nets (quivered)
 f - 27 poisoned darts
Armour
 b - a +0 leather armour
 c - a +0 hat (worn)
 j - a +0 chain mail (worn)
 v - a +0 kite shield
Jewellery
 h - a ring of resist corrosion (left hand)
 s - an amulet of regeneration (around neck)
 t - a ring of magical power
 y - a ring of poison resistance (right hand)
Scrolls
 g - 2 scrolls of teleportation {unknown}
 i - a scroll of torment {unknown}
 k - 2 scrolls of fog {unknown}
 m - 2 scrolls of immolation {unknown}
 n - a scroll of enchant weapon {unknown}
 o - a scroll of vulnerability {unknown}
 q - a scroll of brand weapon {unknown}
 r - 4 scrolls of enchant armour {unknown}
 u - 2 scrolls of identify {unknown}
 x - a scroll of summoning {unknown}
Potions
 e - 2 potions of curing {unknown}
 l - a potion of flight {unknown}
 p - 2 potions of heal wounds {unknown}
 w - a potion of haste {unknown}


   Skills:
 - Level 2.4 Fighting
 + Level 6.6 Axes
 - Level 2.0 Throwing
 - Level 3.2 Dodging


You had 3 spell levels left.
You didn't know any spells.
Your spell library contained the following spells:

 Spells                   Type           Power      Damage    Failure   Level
 Corpse Rot               Necr/Air       N/A        N/A       100%        2
 Poisonous Vapours        Pois/Air       0%         N/A       100%        2
 Freezing Cloud           Conj/Ice/Air   0%         6-21      100%        5


Dungeon Overview and Level Annotations

Branches:
Dungeon (4/15)
 Temple: D:4-7

Altars:

Shops:
D:1 ?[(

Annotations:
D:1 magasin emmuré


Innate Abilities, Weirdness & Mutations

You have a pair of horns on your head.
You reflexively headbutt those who attack you in melee.


Message History

2 gnolls come into view.
A gnoll is wielding a +2 flail of draining.
The gnoll shouts! x2; You hear a shout!
A gnoll comes into view. It is wielding a +1 spear of flaming.
The gnoll shouts!
A gnoll comes into view. It is wielding a +0 spear.
You barely miss the gnoll. The gnoll hits you with a +0 club. x2
You slash the gnoll! Your headbutt misses the gnoll.
The gnoll is almost dead.
The gnoll hits you but does no damage.
You hit the gnoll.
You kill the gnoll!
The gnoll hits you from afar with a +1 spear of flaming.
The gnoll burns you.
The gnoll hits you with a +1 spear of flaming.
The gnoll burns you.
The gnoll hits you with a +2 flail of draining.
You feel drained.
You see here a +0 club.
You closely miss the gnoll.
Your chain mail prevents you from hitting the gnoll.
The gnoll hits you with a +1 spear of flaming.
The gnoll burns you.
The gnoll hits you from afar with a +0 spear.
The gnoll hits you with a +2 flail of draining!
You feel drained. The gnoll barely misses you.
You hit the gnoll but do no damage. You barely miss the gnoll.
The gnoll barely misses you. The gnoll closely misses you.
You furiously retaliate!
You headbutt the gnoll! The gnoll hits you but does no damage.
You hit the gnoll but do no damage. Your headbutt misses the gnoll.
You barely miss the gnoll.
The gnoll hits you from afar with a +0 spear.
* * * LOW HITPOINT WARNING * * *
The gnoll hits you with a +2 flail of draining.
* * * LOW HITPOINT WARNING * * *
You feel drained.
* * * LOW HITPOINT WARNING * * *
The gnoll hits you with a +1 spear of flaming.
You die...

..†.#..#......
..###..#.##.#
.####.......#
........>####
#####...##
##.##############
#.......#.)....#
#.#####.#.####.#
#..........@g#.####.#
#.#####.#.##gg......#
#.#####.#.####.######
#.......#.. ..#
############ ###


You could see 3 gnolls.

Vanquished Creatures
  4 adders
  A gnoll (D:4)
  A worm (D:4)
  A dart slug (D:4)
  5 orcs
  8 ball pythons
  A bat (D:1)
  5 endoplasms
  4 giant cockroaches (D:1)
  5 goblins
  6 hobgoblins
  3 quokkas
  6 frilled lizards
  5 kobolds
  2 rats (D:2)
57 creatures vanquished.

Notes
Turn   | Place    | Note
-------+----------+-------------------------------------------
     0 | D:1      | raph the Minotaur Gladiator began the quest for the Orb.
     0 | D:1      | Reached XP level 1. HP: 18/18 MP: 0/0
   143 | D:1      | Reached skill level 4 in Axes
   484 | D:1      | Reached XP level 2. HP: 25/25 MP: 1/1
   546 | D:1      | Found Awo Him's Antique Armour Boutique.
   622 | D:1      | Found Buamiwk's Antique Weapon Emporium.
   624 | D:1      | Found Rowo's Magic Scroll Shop.
   920 | D:2      | Reached skill level 5 in Axes
   920 | D:2      | Reached XP level 3. HP: 21/30 MP: 2/2
  1443 | D:2      | Found a faded altar of an unknown god.
  1576 | D:2      | Reached skill level 6 in Axes
  1576 | D:2      | Reached XP level 4. HP: 37/37 MP: 3/3
  2556 | D:4      | Slain by a gnoll

Illustrated notes

Levels and vault maps discovered:
D:1:      dpeg_arrival_castle, layout_rooms, serial_shops,
          nicolae_shop_temple_entry_statues_fountains, shop_statue, shop,
          grunt_decor_clamped
D:2:      layout_basic, dreamdust_ecumenical_altar_angels_and_demons
D:3:      layout_loops_ring, chequers_serial_rivers_micro_c
D:4:      layout_loops_cross, minmay_cupped

Skill      XL: |  1  2  3 |
---------------+----------+-----
Axes           | 4 5 6 |  6.6
Fighting       | |  2.4
Throwing       | |  2.0
Dodging        | |  3.2

Action                   |  1- 3 |  4- 6 || total
-------------------------+-------+-------++-------
Melee: War axe           |    72 |    43 ||   115
       Headbutt          |    12 |     4 ||    16
Armor: Leather armour    |     9 |       ||     9
       Chain mail        |    26 |    22 ||    48
Dodge: Dodged            |    41 |    17 ||    58
